 Dungeon Crawl Stone Soup version 0.28.0-47-ge53b351184 (webtiles) character file.

Game seed: 16298341221172873433

144177 Exodus22XD the Severer (level 16, 0/139 HPs)
             Began as a Minotaur Fighter on May 7, 2022.
             Was the Champion of Hepliaklqana.
             Slain by an Executioner (14 damage)
             ... on level 3 of the Abyss.
             The game lasted 01:22:19 (38854 turns).

Exodus22XD the Severer (Minotaur Fighter)          Turns: 38854, Time: 01:22:20

Health: 0/139      AC: 30    Str: 27    XL:     16   Next: 84%
Magic:  24/24      EV:  9    Int:  5    God:    Hepliaklqana [******]
Gold:   2489       SH: 14    Dex: 21    Spells: 15/15 levels left

rFire   . . .      SeeInvis .   G - +0 war axe (venom)
rCold   + . .      Faith    .   K - +0 kite shield
rNeg    . . .      Spirit   .   g - +7 chain mail of Zin's Felicitations {Dex+9}
rPois   .          Reflect  .   (helmet restricted)
rElec   .          Harm     .   O - scarf {repulsion}
rCorr   .          Rampage  .   n - +0 pair of gloves
Will    +....                   l - +2 pair of boots
Stlth   ..........              (no amulet)
HPRegen 0.33/turn               x - +4 ring of protection
MPRegen 0.19/turn               P - ring of protection from cold

@: about to teleport, repel missiles
A: reduced essence, horns 2, retaliatory headbutt
a: Renounce Religion, Recall Ancestor, Ancestor Identity, Transference, Idealise


You were on level 3 of the Abyss.
You worshipped Hepliaklqana.
Hepliaklqana was exalted by your worship.
You visited 5 branches of the dungeon, and saw 27 of its levels.
You visited the Abyss 1 time.
You also visited: Sewer.

You collected 3651 gold pieces.
You spent 1162 gold pieces at shops.

Inventory:

Hand Weapons
 d - a +3 battleaxe
 D - a +2 flail of venom
 G - a +0 war axe of venom (weapon)
Missiles
 k - a throwing net (quivered)
Armour
 g - the +7 chain mail of Zin's Felicitations (worn) {Dex+9}
   (You found it on level 2 of the Dungeon)

   Dex:       It affects your dexterity (+9).
 l - a +2 pair of boots (worn)
 n - a +0 pair of gloves (worn)
 t - the +0 plate armour "Recuppaff" {+Blink rElec rC- Will++}
   (You bought it in a shop on level 2 of the Dungeon)

   rC:        It makes you vulnerable to cold.
   rElec:     It insulates you from electricity.
   +Blink:    It lets you blink.
   Will:      It greatly increases your willpower.
 K - a +0 kite shield (worn)
 O - a scarf of repulsion (worn)
Jewellery
 c - an amulet of faith
 w - a ring of fire
 x - a +4 ring of protection (left hand)
 A - a +6 ring of intelligence
 P - a ring of protection from cold (right hand)
Wands
 i - a wand of charming (3)
 v - a wand of digging (13)
 E - a wand of iceblast (11)
 F - a wand of acid (1)
 N - a wand of flame (24)
Scrolls
 a - 2 scrolls of blinking
 b - 2 scrolls of torment
 e - 5 scrolls of teleportation
 h - 4 scrolls of amnesia
 s - 5 scrolls of vulnerability
 u - 4 scrolls of fog
 y - 2 scrolls of enchant weapon
 z - a scroll of magic mapping
 C - 3 scrolls of fear
 H - 16 scrolls of identify
 J - a scroll of brand weapon
 M - 2 scrolls of immolation
Potions
 f - 3 potions of curing
 j - 4 potions of flight
 m - 5 potions of lignification
 q - 2 potions of magic
 r - a potion of mutation
 I - a potion of might
 L - 4 potions of resistance
 Q - a potion of invisibility {unknown}
 R - 2 potions of berserk rage
Miscellaneous
 B - a box of beasts


   Skills:
 + Level 17.1 Fighting
 + Level 19.6(19.7) Axes
 - Level 2.0(13.0) Maces & Flails
 + Level 17.1 Armour
 - Level 1.1 Dodging
 + Level 14.7 Shields
 * Level 12.4 Invocations
 + Level 0.6 Evocations


You had 15 spell levels left.
You didn't know any spells.
Your spell library contained the following spells:

 Spells                   Type           Power      Damage    Failure   Level
 Magic Dart               Conj           0%         1d3       97%         1
 Pain                     Necr           0%         1d4       97%         1
 Corpse Rot               Necr/Air       0%         N/A       99%         2
 Poisonous Vapours        Pois/Air       0%         N/A       99%         2
 Searing Ray              Conj           0%         2d4       99%         2
 Static Discharge         Conj/Air       0%         N/A       99%         2
 Conjure Flame            Conj/Fire      0%         6-21      100%        3
 Ignite Poison            Fire/Tmut/Pois 0%         N/A       100%        3
 Ozocubu's Armour         Ice            0%         N/A       100%        3
 Tukima's Dance           Hex            0%         N/A       100%        3
 Anguish                  Hex/Necr       0%         N/A       100%        4
 Cause Fear               Hex            0%         N/A       100%        4
 Fulminant Prism          Conj/Hex       0%         3d6       100%        4
 Iskenderun's Mystic Bla  Conj/Tloc      0%         2d3       100%        4
 Leda's Liquefaction      Hex/Erth       0%         N/A       100%        4
 Passage of Golubria      Tloc           0%         N/A       100%        4
 Petrify                  Tmut/Erth      0%         N/A       100%        4
 Sticky Flame             Conj/Fire      0%         2d3       100%        4
 Excruciating Wounds      Necr           0%         N/A       100%        5
 Lee's Rapid Deconstruct  Erth           0%         3d5*      100%        5
 Metabolic Englaciation   Hex/Ice        0%         N/A       100%        5
 Summon Mana Viper        Hex/Summ       0%         N/A       100%        5
 Yara's Violent Unravell  Hex/Tmut       0%         3d3       100%        5
 Death Channel            Necr           0%         N/A       100%        6
 Simulacrum               Ice/Necr       0%         N/A       100%        6
 Statue Form              Tmut/Erth      0%         N/A       100%        6
 Dragon Form              Tmut           0%         N/A       100%        7
 Enfeeble                 Hex            0%         N/A       100%        7
 Haunt                    Necr/Summ      0%         N/A       100%        7
 Ozocubu's Refrigeration  Ice            0%         4d5       100%        7
 Dragon's Call            Summ           0%         N/A       100%        9


Dungeon Overview and Level Annotations

Branches:
Dungeon (15/15)            Temple (1/1) D:6            Lair (6/6) D:11
  Swamp (0/4) Lair:2        Snake (0/4) Lair:4        Slime (0/5) Lair:6
    Orc (2/2) D:11            Elf (3/3) Orc:2        Vaults (0/5) D:13
 Depths (0/4) D:15          Sewer (visited)

Altars:
Hepliaklqana
Kikubaaqudgha
Makhleb
Nemelex Xobeh
Okawaru
Qazlal
Sif Muna
Wu Jian

Shops:
D:2 [   D:12 *?*   Orc:2 (?:(   Elf:1 ===[

Portals:
Hell: Lair:6

Annotations:
D:3 1 runed translucent door, Crazy Yiuf
D:12 1 runed translucent door, Gastronok; spica's ghost, journeyman HOBe
D:14 2 transporters, Revguard's ghost, journeyman DsBe
Lair:1 2 transporters
Lair:2 2 transporters
Lair:4 1 runed translucent door, mistmaker's ghost, journeyman MiBe
Lair:6 3 runed translucent doors, kitty14015's ghost, journeyman DsGl
Elf:1 Frances
Elf:2 5 runed translucent doors


Innate Abilities, Weirdness & Mutations

Your life essence is reduced to manifest your ancestor. (-10% HP)
You have a pair of horns on your head.
You reflexively headbutt those who attack you in melee.


Message History

The Executioner hits you but does no damage.
The Executioner hits you.
* * * LOW HITPOINT WARNING * * *
The golden eye blinks!
The golden eye blinks at you.
You are more confused.
You're too confused to move!
The golden eye turns its gaze towards you.
The Executioner barely misses you.
The Executioner hits you but does no damage.
The Executioner hits you.
* * * LOW HITPOINT WARNING * * *
The Executioner hits you but does no damage. x3
The golden eye blinks!
The Executioner hits you but does no damage. x3
The golden eye blinks at you.
You are more confused.
The golden eye blinks at you.
You are more confused.
You bump into the rock wall.
You feel your health improve.
The Executioner hits you but does no damage.
The Executioner hits you.
* * * LOW HITPOINT WARNING * * *
The Executioner hits you but does no damage.
The Executioner barely misses you. The Executioner hits you.
* * * LOW HITPOINT WARNING * * *
The Executioner hits you.
* * * LOW HITPOINT WARNING * * *
The Executioner hits you.
* * * LOW HITPOINT WARNING * * *
The Executioner hits you.
* * * LOW HITPOINT WARNING * * *
The Executioner hits you but does no damage.
The golden eye blinks at you.
You are more confused.
You are too confused!
Unknown command.
You feel better. The Executioner hits you!
You die...

§#.. ...... .. ... §..≈
. #.....# . # ..≈#. ..
....##...# .§§#.
......... .## ......
##...........#
.≈....###.#G..._ ..#
...§#...G..#..#.....#.#
#....#G1....#.#. . ...#
#.G@##....#... # #.
#...####.#....# .# .
##.# # .....# . ... ##
........... .
##....###.# ### ....#.#
### ....## #. .


You could see an Executioner (fast) and 4 golden eyes.

Vanquished Creatures
  Asterion (Elf:1)
  A deep elf blademaster (Elf:3)
  2 deep elf annihilators
  A deep elf demonologist (Elf:1)
  2 boulder beetles
  6 hydras
  A death knight (D:13)
  A catoblepas (Lair:5)
  5 centaur warriors
  2 death yaks (Lair:5)
  A tengu warrior (D:15)
  5 two-headed ogres
  7 dancing weapons
  2 orc high priests (Orc:2)
  2 fire crabs (Lair:6)
  2 skeletal warriors (D:11)
  9 deep elf knights
  A sixfirhy (Lair:6)
  A flayed ghost (D:13)
  5 deep elf archers
  A necromancer (D:15)
  18 deep elf pyromancers
  2 wizards
  5 orc sorcerers
  A cyclops (D:12)
  18 deep elf zephyrmancers
  4 ugly things
  12 elephants
  9 black mambas
  3 manticores
  Joseph (D:9)
  2 centaur zombies
  Maurice (D:13)
  2 black mambas (shapeshifter) (D:13)
  10 cane toads
  An orange demon (Lair:6)
  A freezing wraith (D:15)
  2 kobold demonologists (D:9)
  A hellion (Abyss:2)
  5 rime drakes
  An ancient zyme (Abyss:3)
  7 komodo dragons
  3 ice devils (Lair:6)
  A tengu conjurer (D:15)
  A hellwing (Lair:6)
  A harpy zombie (D:15)
  A red devil (Lair:6)
  7 meliai
  A wind drake (shapeshifter) (D:13)
  3 polar bears
  A meliai (shapeshifter) (Elf:1)
  A troll (Orc:1)
  A wolf spider simulacrum (D:15)
  A dream sheep (shapeshifter) (D:13)
  A dream sheep (Lair:3)
  A harpy skeleton (Abyss:2)
  A hornet (shapeshifter) (D:13)
  6 slime creatures
  16 blink frogs
  39 yaks
  3 air elementals (Elf:1)
  A water elemental (Elf:2)
  A vampire (D:12)
  A yak (shapeshifter) (D:13)
  6 wraiths
  4 wyverns
  4 basilisks
  2 fire elementals
  A redback (D:13)
  A steam dragon (D:8)
  6 vampire mosquitoes (D:13)
  6 wargs
  4 nagas (Lair:4)
  5 hell hounds (Lair:6)
  9 water moccasins
  3 acid dragons
  18 orc warriors
  A black bear (D:4)
  A sky beast (D:7)
  2 ice beasts
  7 ogres
  A necrophage (D:5)
  9 centaurs
  3 boggarts (D:14)
  2 phantoms
  15 wolves
  18 bullfrogs
  A gnoll sergeant (Orc:2)
  5 kobold brigands
  4 earth elementals
  A wyvern zombie (D:8)
  A scorpion (D:7)
  A wyvern skeleton (D:5)
  2 small abominations (Abyss:2)
  2 water moccasin skeletons
  11 killer bees
  An electric eel (Lair:3)
  8 howler monkeys
  A bullfrog zombie (D:6)
  5 lava snakes (Lair:5)
  A centaur skeleton (D:5)
  25 orc priests
  6 hounds
  5 jellies
  A bullfrog skeleton (D:5)
  A gnoll shaman (D:9)
  Ijyb (D:3)
  8 iguanas
  32 orc wizards
  Natasha (D:3)
  A hell rat (Lair:3)
  A merfolk siren (Sewer)
  A hound skeleton (D:4)
  3 howler monkey zombies
  Robin (D:2)
  16 gnolls
  A howler monkey skeleton (D:5)
  11 adders
  2 river rats
  A white imp (Abyss:2)
  An adder skeleton (D:4)
  5 dart slugs
  67 orcs
  7 bats
  6 endoplasms
  2 giant cockroaches
  23 goblins
  11 hobgoblins
  7 jackals
  25 kobolds
  A quokka (Sewer)
  5 ball pythons
  10 frilled lizards
  18 rats
734 creatures vanquished.

Vanquished Creatures (collateral kills)
  An orc warlord (Orc:2)
  Snorg (D:12)
  Josephine (D:11)
  A deep elf high priest (Elf:3)
  Harold (D:10)
  A boulder beetle (D:13)
  6 hydras
  A catoblepas (D:15)
  A centaur warrior (D:13)
  A two-headed ogre (D:9)
  Erica (Orc:1)
  2 dancing weapons (Elf:3)
  2 death yaks (Lair:5)
  A large abomination (Abyss:2)
  Sonja (Lair:2)
  3 deep elf knights (Elf:3)
  A skeletal warrior (D:11)
  6 deep elf archers
  A wolf spider (D:13)
  12 deep elf pyromancers
  5 deep elf zephyrmancers
  2 ugly things
  4 orc sorcerers (Orc:2)
  An oklob plant (Lair:1)
  A cyclops (D:13)
  A centaur zombie (D:15)
  A guardian serpent (shapeshifter) (D:13)
  A manticore (D:8)
  2 molten gargoyles (Lair:5)
  2 black mambas (Lair:6)
  2 elephants
  A centaur skeleton (D:15)
  Maggie (Lair:2)
  A kobold demonologist (D:13)
  3 cane toads
  An efreet (D:13)
  A freezing wraith (Abyss:3)
  A queen bee (shapeshifter) (D:13)
  4 komodo dragons
  3 trolls
  3 meliai
  A hornet (D:9)
  2 blink frogs
  A wyvern (Lair:4)
  2 air elementals
  A shadow (D:10)
  2 wraiths
  A water elemental (Elf:1)
  A basilisk (D:15)
  A basilisk (shapeshifter) (D:15)
  A golden eye (Abyss:3)
  11 yaks
  A steam dragon (Lair:3)
  A vampire mosquito (D:13)
  A naga (Lair:4)
  A warg (Orc:2)
  An acid dragon (D:12)
  2 water moccasins
  10 orc warriors
  A wolf (Lair:6)
  A kobold brigand (D:10)
  2 bullfrogs
  An earth elemental (Elf:2)
  A small abomination (Abyss:3)
  A killer bee (D:9)
  3 orc priests (Orc:2)
  9 orc wizards
  11 orcs
  An endoplasm (Lair:6)
  5 kobolds
163 creatures vanquished.

Vanquished Creatures (others)
  14 knights
  29 fungi
  52 plants
  2 withered plants (D:12)
97 creatures vanquished.

Grand Total: 994 creatures vanquished

Notes
Turn   | Place    | Note
-------+----------+-------------------------------------------
     0 | D:1      | Exodus22XD the Minotaur Fighter began the quest for the
                  | Orb.
     0 | D:1      | Reached XP level 1. HP: 19/19 MP: 0/0
    39 | D:1      | Reached XP level 2. HP: 25/27 MP: 1/1
   544 | D:2      | Reached XP level 3. HP: 33/33 MP: 2/2
   549 | D:2      | Identified the +7 chain mail of Zin's Felicitations {Dex+9}
   674 | D:2      | Reached skill level 3 in Axes
   715 | D:2      | Found a faded altar of an unknown god.
   927 | D:2      | Found Ehyra's Antique Armour Shoppe.
  1106 | D:2      | Reached XP level 4. HP: 39/40 MP: 3/3
  1116 | D:2      | Noticed Robin
  1130 | D:2      | Killed Robin
  1436 | D:3      | Found a glowing drain.
  1438 | D:3      | Reached XP level 5. HP: 45/47 MP: 4/4
  1442 | D:3      | Reached skill level 4 in Axes
  1444 | D:3      | Noticed Ijyb
  1542 | Sewer    | Entered a sewer
  1942 | D:3      | Found a runed translucent door.
  1943 | D:3      | Noticed Crazy Yiuf
  1980 | D:3      | Reached skill level 5 in Axes
  2033 | D:3      | Reached skill level 5 in Fighting
  2165 | D:3      | Reached XP level 6. HP: 56/56 MP: 5/5
  2390 | D:3      | Noticed Natasha
  2399 | D:3      | Killed Natasha
  2551 | D:4      | Noticed a yak
  2643 | D:4      | Reached skill level 6 in Axes
  2643 | D:4      | Reached skill level 1 in Dodging
  2697 | D:4      | Noticed a yak
  2700 | D:4      | Noticed a yak
  2701 | D:4      | Noticed a yak
  2780 | D:4      | Reached skill level 5 in Shields
  2959 | D:4      | Reached skill level 5 in Armour
  2959 | D:4      | Reached XP level 7. HP: 53/61 MP: 6/6
  3041 | D:4      | Reached skill level 7 in Axes
  3235 | D:4      | Killed a yak
  3241 | D:4      | Killed a yak
  3242 | D:4      | Reached skill level 8 in Axes
  3242 | D:4      | Reached XP level 8. HP: 35/70 MP: 7/7
  3528 | D:4      | Reached skill level 9 in Axes
  3680 | D:5      | Entered Level 5 of the Dungeon
  4097 | D:5      | Reached skill level 10 in Axes
  4228 | D:5      | Reached XP level 9. HP: 78/79 MP: 8/8
  4605 | D:6      | Found a staircase to the Ecumenical Temple.
  4681 | Temple   | Entered the Ecumenical Temple
  4705 | Temple   | Became a worshipper of Hepliaklqana the Forgotten
  5274 | D:7      | Reached skill level 11 in Axes
  6044 | D:7      | Reached * piety under Hepliaklqana
  6310 | D:8      | Reached skill level 12 in Axes
  6431 | D:8      | Reached XP level 10. HP: 71/79 MP: 9/9
  6778 | D:8      | Identified the +0 ring mail "Pelick" {Rampage rCorr Int-3
                  | SInv}
  6967 | D:8      | Noticed a manticore
  6972 | D:8      | Killed a manticore
  7683 | D:3      | Killed Ijyb
  7888 | D:2      | Bought a pair of pitted boots for 294 gold pieces
  7888 | D:2      | Identified the +1 pair of boots of New Discoveries {+Inv
                  | rC- Dex+5} (You bought it in a shop on level 2 of the
                  | Dungeon)
  8077 | D:9      | Reached ** piety under Hepliaklqana
  8078 | D:9      | Remembered your ancestor Friðuswiþ as a knight
  8115 | D:9      | Noticed a two-headed ogre
  8121 | D:9      | Killed a two-headed ogre
  8122 | D:9      | Reached skill level 13 in Axes
  8238 | D:9      | Noticed an orange demon
  8241 | D:9      | Noticed a smoke demon
  8242 | D:9      | Noticed an orange demon
  8247 | D:9      | Reached skill level 1 in Invocations
  8577 | D:9      | Reached XP level 11. HP: 83/87 MP: 11/11
  8614 | D:9      | Reached skill level 14 in Axes
  8829 | D:9      | Noticed Joseph
  8840 | D:9      | Killed Joseph
  9111 | D:10     | Entered Level 10 of the Dungeon
  9546 | D:10     | Reached *** piety under Hepliaklqana
  9579 | D:10     | Reached skill level 10 in Armour
  9601 | D:10     | Noticed Harold
  9617 | D:10     | Killed Harold
  9837 | D:10     | Found a shimmering blue altar of Sif Muna.
 10196 | D:11     | Noticed a purple ugly thing
 10201 | D:11     | Noticed a two-headed ogre
 10221 | D:11     | Killed a two-headed ogre
 10234 | D:11     | Reached skill level 10 in Fighting
 10247 | D:11     | Killed a purple ugly thing
 10372 | D:11     | Noticed a boulder beetle
 10426 | D:11     | Noticed a two-headed ogre
 10436 | D:11     | Killed a two-headed ogre
 10436 | D:11     | Noticed Josephine
 10437 | D:11     | Reached skill level 15 in Axes
 10440 | D:11     | Killed a boulder beetle
 10448 | D:11     | Killed Josephine
 10717 | D:11     | Reached skill level 5 in Invocations
 11084 | D:11     | Found a staircase to the Orcish Mines.
 11093 | D:11     | Reached XP level 12. HP: 96/96 MP: 14/14
 11153 | D:11     | Found a staircase to the Lair.
 11592 | D:12     | Found Noirus's General Store.
 11597 | D:12     | Noticed a two-headed ogre
 11603 | D:12     | Killed a two-headed ogre
 11635 | D:12     | Noticed Snorg
 11643 | D:12     | Killed Snorg
 11644 | D:12     | Reached skill level 16 in Axes
 11687 | D:12     | Found Rodgh's Magic Scroll Emporium.
 11926 | D:12     | Reached **** piety under Hepliaklqana
 11931 | D:12     | Noticed a four-headed hydra
 11937 | D:12     | Killed a four-headed hydra
 12174 | D:12     | Noticed a six-headed hydra
 12192 | D:12     | Noticed a two-headed ogre
 12513 | D:12     | Killed a two-headed ogre
 12556 | D:12     | Killed a six-headed hydra
 12679 | D:12     | Noticed Gastronok
 12824 | D:12     | Reached skill level 1 in Maces & Flails
 13171 | D:12     | Found Utzoitz's Assorted Antiques.
 13263 | D:12     | Found a runed translucent door.
 13263 | D:12     | Noticed spica's ghost (journeyman HOBe)
 13289 | D:12     | Identified a scroll of acquirement
 13292 | D:12     | Acquired 619 gold pieces
 13533 | D:2      | Bought a bronze plate armour for 868 gold pieces
 13533 | D:2      | Identified the +0 plate armour "Recuppaff" {+Blink rElec
                  | rC- Will++} (You bought it in a shop on level 2 of the
                  | Dungeon)
 13722 | Lair:1   | Entered Level 1 of the Lair of Beasts
 14252 | Lair:1   | Found a transporter.
 14282 | Lair:1   | Found a transporter.
 14854 | Lair:2   | Noticed Sonja
 14870 | Lair:2   | Killed Sonja
 15590 | Lair:2   | Found a transporter.
 15591 | Lair:2   | Found a transporter.
 15591 | Lair:2   | Noticed a boulder beetle
 15591 | Lair:2   | Noticed a boulder beetle
 15596 | Lair:2   | Noticed Maggie
 15611 | Lair:2   | Killed Maggie
 15687 | Lair:2   | Found a staircase to the Swamp.
 15692 | Lair:2   | Reached ***** piety under Hepliaklqana
 15954 | Lair:3   | Reached XP level 13. HP: 100/105 MP: 17/17
 16742 | Lair:3   | Reached skill level 10 in Shields
 18115 | Lair:4   | Reached skill level 17 in Axes
 18477 | Lair:4   | Found a staircase to the Snake Pit.
 18801 | Lair:4   | Found a runed translucent door.
 18821 | Lair:4   | Noticed mistmaker's ghost (journeyman MiBe)
 18829 | Lair:4   | Identified the +7 trident "Haqyurud" {spect, Fragile Str+2
                  | Int+4}
 19470 | Lair:5   | Reached XP level 14. HP: 95/116 MP: 19/19
 19776 | Lair:5   | Reached ****** piety under Hepliaklqana
 20421 | Lair:6   | Entered Level 6 of the Lair of Beasts
 20765 | Lair:6   | Found a staircase to the Slime Pits.
 22378 | Lair:6   | Found a runed translucent gate.
 22378 | Lair:6   | Found a runed translucent gate.
 22378 | Lair:6   | Found a runed translucent gate.
 22378 | Lair:6   | Noticed kitty14015's ghost (journeyman DsGl)
 22544 | Lair:6   | Found a burning altar of Makhleb.
 23019 | Lair:6   | Found a gateway to Hell.
 23027 | Lair:6   | Got Sihusch's Handbook of Unholy Arts
 23415 | D:13     | Reached skill level 15 in Armour
 23468 | D:13     | Reached skill level 10 in Invocations
 23969 | D:13     | Reached skill level 18 in Axes
 23992 | D:13     | Reached skill level 15 in Fighting
 23995 | D:13     | Reached XP level 15. HP: 59/126 MP: 21/21
 24357 | D:13     | Identified the +0 leather armour of a bazaar {rPois Slay+2}
 24617 | D:13     | Found a gate to the Vaults.
 25047 | D:13     | Noticed Maurice
 25055 | D:13     | Killed Maurice
 25425 | D:14     | Found a stormy altar of Qazlal.
 25766 | D:14     | Found a transporter.
 25771 | D:14     | Found a transporter.
 25773 | D:14     | Noticed Revguard's ghost (journeyman DsBe)
 26532 | D:15     | Entered Level 15 of the Dungeon
 27260 | D:15     | Found an ancient bone altar of Kikubaaqudgha.
 28230 | D:15     | Found a staircase to the Depths.
 28456 | Orc:1    | Entered Level 1 of the Orcish Mines
 28463 | Orc:1    | Noticed Erica
 28813 | Orc:1    | Killed Erica
 29253 | Orc:2    | Entered Level 2 of the Orcish Mines
 29643 | Orc:2    | Found a staircase to the Elven Halls.
 29761 | Orc:2    | Paralysed by an orc sorcerer for 2 turns
 29787 | Orc:2    | Noticed an orc warlord
 29798 | Orc:2    | Found Ryseggiy's Weapon Shop.
 29798 | Orc:2    | Found Pacuzoil's Magic Scroll Shop.
 29814 | Orc:2    | Found Ceschet's Antique Weapon Boutique.
 30500 | Orc:2    | Found Utejir's Book Boutique.
 30509 | Orc:2    | Killed an orc warlord
 31256 | Elf:1    | Entered Level 1 of the Elven Halls
 31499 | Elf:1    | Paralysed by an air elemental for 1 turns
 31560 | Elf:1    | Found Cunumug's Jewellery Emporium.
 31785 | Elf:1    | Paralysed by an air elemental for 1 turns
 32003 | Elf:1    | Paralysed by an air elemental for 1 turns
 32042 | Elf:1    | Found Bauteufo's Jewellery Boutique.
 32075 | Elf:1    | HP: 6/129 [deep elf demonologist/+0 long sword (3)]
 32077 | Elf:1    | Reached XP level 16. HP: 7/136 MP: 23/23
 32093 | Elf:1    | Got the Guide on Creative Confrontation
 32450 | Elf:1    | Noticed Frances
 32513 | Elf:1    | Reached skill level 19 in Axes
 33297 | Elf:1    | Noticed Asterion
 33325 | Elf:1    | Noticed an Executioner
 33326 | Elf:1    | Killed Asterion
 33814 | Elf:1    | Identified the +0 robe "Vutoschah" {rCorr}
 34278 | Elf:1    | Identified the +0 chain mail "Rabyapra" {Drain rElec rC+
                  | Dex+3}
 34285 | Elf:1    | Found Ciekiapi's Antique Armour Emporium.
 34386 | Elf:1    | Paralysed by an air elemental for 1 turns
 34387 | Elf:1    | Found Texan's Jewellery Shoppe.
 36236 | Elf:2    | Found a huge runed translucent gate.
 36236 | Elf:2    | Found a huge runed translucent gate.
 36236 | Elf:2    | Found a huge runed translucent gate.
 36236 | Elf:2    | Found a huge runed translucent gate.
 36241 | Elf:2    | Found a huge runed translucent gate.
 36332 | Elf:3    | Entered Level 3 of the Elven Halls
 38262 | Elf:3    | Noticed a deep elf blademaster
 38281 | Elf:3    | Killed a deep elf blademaster
 38663 | Elf:3    | Cast into level 2 of the Abyss (a deep elf sorcerer)
 38722 | Abyss:2  | Found a corrupted altar of Lugonu.
 38775 | Abyss:3  | Found a corrupted altar of Lugonu.
 38832 | Abyss:3  | Noticed an Executioner
 38853 | Abyss:3  | HP: 6/139 [Executioner (3)]
 38854 | Abyss:3  | Slain by an Executioner

Illustrated notes

Levels and vault maps discovered:
D:1:      dpeg_arrival_tiny_f, layout_rooms
D:2:      layout_basic, serial_shops, shop,
          shapermc_ecumenical_altar_flowoftime, minmay_misc_feat_cross,
          minmay_octomino_j4, uniq_robin
D:3:      layout_basic, portal_sewer_entry_a, grunt_decor_one_mirror,
          uniq_crazy_yiuf_cottage, uniq_ijyb, uniq_natasha
D:4:      layout_rooms
D:5:      layout_loops_ring, st_stairs_11
D:6:      layout_basic, minmay_temple_entry_antechambers
D:7:      corexii_shantytown, layout_rooms
D:8:      layout_basic, kennysheep_opposing_triangles
D:9:      layout_irregular_city, minmay_lizard_king, uniq_joseph
D:10:     layout_cross, kennysheep_little_box, uniq_harold
D:11:     layout_rooms, grunt_lair_entry_orc_guard_hut, david_orc_1_choice,
          chequers_serial_rivers_micro_b, uniq_josephine
D:12:     layout_loops_ring, gammafunk_ghost_grave, serial_shops,
          shop_fountains, nicolae_square_shop, shop, shop, uniq_snorg,
          uniq_gastronok
D:13:     minmay_the_grid_3x2 [minmay_the_grid_minigrid_large,
          minmay_the_grid_outer_circle, minmay_the_grid_broken_lines,
          minmay_the_grid_holed_spiral, minmay_the_grid_minigrid_small,
          minmay_the_grid_prize_inner_circle], layout_irregular_city,
          david_vaults_2, serial_co_window_serial, co_window_paths_a,
          co_window_paths_a, co_window_of_opportunity_a,
          co_window_of_opportunity_a, co_window_of_opportunity_a,
          co_window_broadway_b, co_window_broadway_b,
          co_window_of_opportunity_b, co_window_corner_ca,
          co_window_of_opportunity_c, uniq_maurice
D:14:     layout_grid_maze, grunt_qazlal_clouds, gammafunk_ghost_mausoleum
D:15:     grunt_enter_depths_magical_seal, layout_loops_corners,
          old_standard_altar, st_stairs_4
Temple:   mainiacjoe_temple_circle_huts
Lair:1:   gammafunk_cloud_chamber, layout_hall_layers, dpeg_stationary_puzzle,
          lemuel_fruit_fields
Lair:2:   gammafunk_boulding_lane, layout_regular_city, swamp_mist, uniq_maggie,
          uniq_sonja
Lair:3:   nzn_winding_woodlands_stair_cross
          [nzn_winding_woodlands_5x15_pathside_ponds,
          nzn_winding_woodlands_center_triple_pond,
          nzn_winding_woodlands_5x15_longhouse, nzn_winding_woodlands_5x5_three,
          nzn_winding_woodlands_5x5_checkerboard,
          nzn_winding_woodlands_5x15_jagged,
          nzn_winding_woodlands_center_pierced_h,
          nzn_winding_woodlands_5x15_pool], layout_chaotic_city
Lair:4:   layout_hall_layers, minmay_snake_entry_guardpost_medium,
          ebering_ghost_funeral_grove
Lair:5:   cheibrodos_magma_flow, layout_cave_pods
Lair:6:   evil_forest, layout_big_grid, nicolae_slime_entry_slimehenge,
          gammafunk_ghost_hydra_chop, lemuel_fruit_tree
Orc:1:    layout_diamond_mine, nicolae_orc_rich_vein, uniq_erica
Orc:2:    st_orc_mages, layout_diamond_mine, mines4_lemuel
Elf:1:    nicolae_elf_arrival_fired_up, layout_geoelf_octagon, serial_shops,
          nicolae_shop_waterfront, nicolae_shop_stone, nicolae_diamond_shop,
          nicolae_lakefront_shop, minmay_elf_sorcery, nicolae_elf_v_pinch,
          lemuel_upstairs_altar, uniq_frances, uniq_asterion
Elf:2:    elven_hall_of_blades_hangedman_alternative [grunt_blade_entry_basic],
          layout_geoelf_octagon
Elf:3:    minmay_elf_hall_hex, layout_onion_city
Abyss:3:  base:
Depths:2

Skill      XL: |  1  2  3  4  5  6  7  8  9 10 11 12 13 14 15 16 |
---------------+-------------------------------------------------+-----
Shields        | 4 5 6 7 8 9 10 12 13 14 | 14.7
Armour         | 4 5 7 8 9 11 12 13 15 16 17 | 17.1
Fighting       | 4 5 7 8 9 10 11 13 15 16 17 | 17.1
Axes           | 3 5 6 8 10 12 13 15 16 17 18 19 | 19.6
Dodging        | 1 |  1.1
Invocations    | 2 5 7 8 10 11 12 | 12.4
Maces & Flails | 2 |  2.0
Evocations     | |  0.6

Action                   |  1- 3 |  4- 6 |  7- 9 | 10-12 | 13-15 | 16-18 || total
-------------------------+-------+-------+-------+-------+-------+-------++-------
Melee: War axe           |    66 |   128 |   277 |   471 |  1045 |   379 ||  2366
       Headbutt          |     7 |    20 |    64 |   139 |   309 |   107 ||   646
       Flail             |       |       |       |    10 |    51 |       ||    61
Invok: Ancestor Life: Kn |       |       |       |     1 |       |       ||     1
       Recall Ancestor   |       |       |       |     1 |     2 |     3 ||     6
       Idealise          |       |       |       |       |       |     1 ||     1
Evoke: Wand              |       |       |       |       |       |     4 ||     4
  Use: Potion            |       |     1 |     3 |     7 |     2 |     7 ||    20
       Scroll            |       |       |     9 |    12 |     7 |     6 ||    34
 Stab: Distracted        |       |       |     1 |     3 |    16 |     1 ||    21
Armor: Scale mail        |    23 |       |       |       |       |       ||    23
       Chain mail        |    19 |    96 |   152 |   264 |   705 |   198 ||  1434
Dodge: Dodged            |    39 |    56 |    87 |   183 |   409 |    93 ||   867
       Repelled          |       |       |       |       |     8 |    11 ||    19
Block: Buckler           |    16 |    34 |    89 |   158 |   410 |    21 ||   728
       Kite shield       |       |       |       |       |       |   170 ||   170
